 Dungeon Crawl Stone Soup version 0.25-a0-1126-g5fd7b56c60 (webtiles) character file.

Game seed: 18415747966182223572, levelgen mode: deterministic

41 BeastOfSaturn the Sneak (level 3, 0/27 HPs)
             Began as a Demonspawn Assassin on May 19, 2020.
             Succumbed to a worker ant's poison
             ... on level 5 of the Dungeon.
             The game lasted 00:03:10 (1734 turns).

BeastOfSaturn the Sneak (Demonspawn Assassin)       Turns: 1734, Time: 00:03:10

Health: 0/27       AC:  4    Str: 11    XL:     3   Next: 32%
Magic:  3/3        EV: 11    Int: 12    God:
Gold:   93         SH:  0    Dex: 15    Spells: 2/2 levels left

rFire    + . .     SeeInvis .   a - +2 dagger
rCold    . . .     Gourm    .   (no shield)
rNeg     . . .     Faith    .   h - +0 leather armour
rPois    .         Spirit   .   (helmet restricted)
rElec    .         Reflect  .   c - +0 cloak
rCorr    .         Harm     .   (no gloves)
MR       .....                  (no boots)
Stlth    ++........             (no amulet)
HPRegen  0.09/turn              k - ring of protection from fire
MPRegen  0.08/turn              (no ring)

@: lethally poisoned (0 -> -3)
A: horns 1, demonic guardian 1
a: no special abilities


You were on level 5 of the Dungeon.
You were not hungry.

You visited 1 branch of the dungeon, and saw 4 of its levels.

You collected 93 gold pieces.

Inventory:

Hand Weapons
 a - a +2 dagger (weapon)
Missiles
 d - 7 poisoned darts (quivered)
 e - 2 curare-tipped darts
Armour
 b - a +0 robe
 c - a +0 cloak (worn)
 h - a +0 leather armour (worn)
Jewellery
 k - a ring of protection from fire (left hand)
Scrolls
 j - a scroll of fog {unknown}
 m - a scroll of identify {unknown}
 n - a scroll of magic mapping {unknown}
 o - a scroll of amnesia {unknown}
Potions
 g - a potion of invisibility {unknown}
 i - a potion of curing {unknown}
 l - a potion of might {unknown}
Comestibles
 f - 3 rations


   Skills:
 * Level 2.2 Fighting
 * Level 2.1 Short Blades
 + Level 2.0 Throwing
 * Level 1.4 Dodging
 + Level 4.2 Stealth


You had 2 spell levels left.
You didn't know any spells.
Your spell library was empty.

Dungeon Overview and Level Annotations

Branches:
Dungeon (3/15)             Temple (0/1) D:5

Altars:


Innate Abilities, Weirdness & Mutations

You have a pair of small horns on your head.
A weak demonic guardian rushes to your aid.


Message History

The worker ant barely misses you. The worker ant bites you.
* * * LOW HITPOINT WARNING * * *
Your shadow imp hits the worker ant but does no damage.
The gnoll hits your shadow imp with a +0 whip.
Your shadow imp dies!
The quokka bites you but does no damage.
* * * LOW HITPOINT WARNING * * *
You feel sick. The worker ant closely misses you.
Unknown command.
* * * LOW HITPOINT WARNING * * *
You feel sick.
The quokka twitches its whiskers.
The quokka barely misses you.
Found a robe.
You see here a scroll labeled DYAMEX REMAFF.
The orc wizard gestures wildly while chanting.
The orc wizard flickers and vanishes!
Deactivating autopickup; reactivate with Ctrl-A.
You die...

####### #.....# #[....#
#....$# ####.....###.#$
#.h............
####.#####.##.....#####.
.......@.ra?gg..........
####[#####5######.....#.
#.#............
#.#.#..#.....#. #.#
#..#....... #.# #.
#g#....# #.# #..#o####.#
..# #..#.####.#
##.#..........


You could see a worker ant, 2 gnolls, a quokka and a friendly white imp
(summoned).

Vanquished Creatures
  3 adders (D:3)
  3 goblins
  2 hobgoblins
  2 ball pythons (D:3)
  4 bats
  3 frilled lizards
17 creatures vanquished.

Notes
Turn   | Place    | Note
-------+----------+-------------------------------------------
     0 | D:1      | BeastOfSaturn the Demonspawn Assassin began the quest for
                  | the Orb.
     0 | D:1      | Reached XP level 1. HP: 16/16 MP: 1/1
    67 | D:1      | Reached skill level 1 in Dodging
   799 | D:2      | Gained mutation: You have a pair of small horns on your
                  | head. [demonic ancestry]
   799 | D:2      | Reached XP level 2. HP: 20/22 MP: 2/2
  1452 | D:3      | Reached skill level 4 in Stealth
  1633 | D:3      | Gained mutation: A weak demonic guardian rushes to your
                  | aid. [demonic ancestry]
  1633 | D:3      | Reached XP level 3. HP: 22/27 MP: 3/3
  1707 | D:3      | You fall into a shaft and drop 2 floors!
  1707 | D:5      | Entered Level 5 of the Dungeon
  1707 | D:5      | Found a staircase to the Ecumenical Temple.
  1709 | D:5      | Noticed a sky beast
  1730 | D:5      | HP: 1/27 [poisoned by a worker ant]
  1734 | D:5      | Succumbed to a worker ant's poison

Illustrated notes

Levels and vault maps discovered:
D:1:      nzn_arrival_water_spiral, layout_basic
D:2:      layout_loops_cross
D:3:      layout_basic, eat_drink_and_be_merry_uskayaw, first_ration,
          gup_sewer_entry_pipe, minmay_stone_trees_large, minmay_snake_closets,
          uniq_grinder
D:5:      layout_basic, minmay_temple_entry_mini_moons, palyth_stone_intersect,
          minmay_misc_feat_doors, trog_hazing_becter, uniq_prince_ribbit1

Skill      XL: |  1  2 |
---------------+-------+-----
Dodging        | 1 |  1.4
Throwing       | 2 |  2.0
Short Blades   | 2 |  2.1
Stealth        | 4 |  4.2
Fighting       | |  2.2

Action                   || total
-------------------------++-------
Melee: Dagger            ||    50
       Headbutt          ||     3
Throw: Dart              ||     6
 Stab: Sleeping          ||     5
  Eat: Ration            ||     1
Armor: Leather armour    ||    13
       Robe              ||     5
Dodge: Dodged            ||    34

Table legend:
 A = Non-vault XP
 B = Vault XP
 C = Vault XP percentage of total XP
 D = Non-vault monster count
 E = Vault monster count
 F = Vault count percentage of total count
                 A         B        C        D         E       F
            +---------+---------+-------+---------+---------+-------
      Total |      18 |      41 |  69.5 |      12 |       5 |  29.4
            +---------+---------+-------+---------+---------+-------
        D:1 |       8 |       0 |   0.0 |       5 |       0 |   0.0
        D:2 |      10 |       0 |   0.0 |       7 |       0 |   0.0
        D:3 |       0 |      41 | 100.0 |       0 |       5 | 100.0
            +---------+---------+-------+---------+---------+-------
